Workbook

Sheet Hoja1
A5: GENERALIDADES | F5: DEDUCCIONES
F6: Aporte empleados | J6: Aporte empleador | P6: 0.01
A7: Nombres | B7: Cargo | C7: cedula | D7: Sueldo bruto | E7: Horas extras | F7: SFS 3.04% | G7: Percapita | H7: AFP 2.87% | I7: Total de deducciones | J7: SFS 7.09% | K7: AFP 7.10% | L7: Total de aportes | M7: Sueldo bruto mensual | N7: Sueldo bruto anual | O7: ISR | P7: INFOTEP | Q7: TOTAL DEDUCCION | R7: Sueldo neto a cobrar | S7: Costo del trabajador
A8: Ramon | B8: Administrador | C8: 402-0000000-0 | D8: 100000 | E8: 5000 | F8: =105000*3.04% -> 3192 | H8: =105000*2.87% -> 3013.5 | I8: =+H8+F8 -> 6205.5 | J8: =+D8*7.09% -> 7090 | K8: =+D8*7.1% -> 7100 | L8: =+K8+J8 -> 14190 | M8: =+D8+E8-I8 -> 98794.5 | N8: =+M8*12 -> 1185534 | O8: =IF(N8>N$22,(N8-N$22)*M$22+O$22,IF(N8>N$21,(N8-N$21)*M$21+O$21,IF(N8>N$20,(N8-N$20)*M$20,0)))/12 -> 13281.562 | P8: =D8*P$6 -> 1000 | Q8: =F8+H8+O8 -> 19487.062 | R8: =D8-Q8 -> 80512.938 | S8: =R8+J8+K8+P8 -> 95702.938 | T8: (J5-L19)*K19+M19
A9: Perez | B9: Supervisor | C9: 402-0000000-1 | D9: 75000 | F9: =+D9*3.04% -> 2280 | H9: =+D9*2.87% -> 2152.5 | I9: =+H9+F9 -> 4432.5 | J9: =+D9*7.09% -> 5317.5 | K9: =+D9*7.1% -> 5325 | L9: =+K9+J9 -> 10642.5 | M9: =+D9-I9 -> 70567.5 | N9: =+M9*12 -> 846810 | O9: =IF(N9>N$22,(N9-N$22)*M$22+O$22,IF(N9>N$21,(N9-N$21)*M$21+O$21,IF(N9>N$20,(N9-N$20)*M$20,0)))/12 -> 6309.3498 | P9: =D9*P$6 -> 750 | Q9: =F9+H9+O9 -> 10741.85 | R9: =D9-Q9 -> 64258.15
A10: Lucas | B10: Contador | C10: 402-0000000-2 | D10: 60000 | F10: =+D10*3.04% -> 1824 | H10: =+D10*2.87% -> 1722 | I10: =+H10+F10 -> 3546 | J10: =+D10*7.09% -> 4254 | K10: =+D10*7.1% -> 4260 | L10: =+K10+J10 -> 8514 | M10: =+D10-I10 -> 56454 | N10: =+M10*12 -> 677448 | O10: =IF(N10>N$22,(N10-N$22)*M$22+O$22,IF(N10>N$21,(N10-N$21)*M$21+O$21,IF(N10>N$20,(N10-N$20)*M$20,0)))/12 -> 3486.6498 | P10: =D10*P$6 -> 600 | Q10: =F10+H10+O10 -> 7032.6498 | R10: =D10-Q10 -> 52967.35
A11: Martinez | B11: Enpacador | C11: 402-0000000-3 | D11: 30000 | F11: =+D11*3.04% -> 912 | H11: =+D11*2.87% -> 861 | I11: =+H11+F11 -> 1773 | J11: =+D11*7.09% -> 2127 | K11: =+D11*7.1% -> 2130 | L11: =+K11+J11 -> 4257 | M11: =+D11-I11 -> 28227 | N11: =+M11*12 -> 338724 | O11: =IF(N11>N$22,(N11-N$22)*M$22+O$22,IF(N11>N$21,(N11-N$21)*M$21+O$21,IF(N11>N$20,(N11-N$20)*M$20,0)))/12 -> 0 | P11: =D11*P$6 -> 300 | Q11: =F11+H11+O11 -> 1773 | R11: =D11-Q11 -> 28227
A12: Omar | B12: Encargado RRHH | C12: 402-0000000-4 | D12: 45000 | F12: =+D12*3.04% -> 1368 | H12: =+D12*2.87% -> 1291.5 | I12: =+H12+F12 -> 2659.5 | J12: =+D12*7.09% -> 3190.5 | K12: =+D12*7.1% -> 3195 | L12: =+K12+J12 -> 6385.5 | M12: =+D12-I12 -> 42340.5 | N12: =+M12*12 -> 508086 | O12: =IF(N12>N$22,(N12-N$22)*M$22+O$22,IF(N12>N$21,(N12-N$21)*M$21+O$21,IF(N12>N$20,(N12-N$20)*M$20,0)))/12 -> 1148.3249 | P12: =D12*P$6 -> 450 | Q12: =F12+H12+O12 -> 3807.8249 | R12: =D12-Q12 -> 41192.175
A13: Leonel | B13: Auditor | C13: 402-0000000-5 | D13: 70000 | F13: =+D13*3.04% -> 2128 | H13: =+D13*2.87% -> 2009 | I13: =+H13+F13 -> 4137 | J13: =+D13*7.09% -> 4963 | K13: =+D13*7.1% -> 4970 | L13: =+K13+J13 -> 9933 | M13: =+D13-I13 -> 65863 | N13: =+M13*12 -> 790356 | O13: =IF(N13>N$22,(N13-N$22)*M$22+O$22,IF(N13>N$21,(N13-N$21)*M$21+O$21,IF(N13>N$20,(N13-N$20)*M$20,0)))/12 -> 5368.4498 | P13: =D13*P$6 -> 700 | Q13: =F13+H13+O13 -> 9505.4498 | R13: =D13-Q13 -> 60494.55
A14: Danilo | B14: Gerente | C14: 402-0000000-6 | D14: 65000 | F14: =+D14*3.04% -> 1976 | H14: =+D14*2.87% -> 1865.5 | I14: =+H14+F14 -> 3841.5 | J14: =+D14*7.09% -> 4608.5 | K14: =+D14*7.1% -> 4615 | L14: =+K14+J14 -> 9223.5 | M14: =+D14-I14 -> 61158.5 | N14: =+M14*12 -> 733902 | O14: =IF(N14>N$22,(N14-N$22)*M$22+O$22,IF(N14>N$21,(N14-N$21)*M$21+O$21,IF(N14>N$20,(N14-N$20)*M$20,0)))/12 -> 4427.5498 | P14: =D14*P$6 -> 650 | Q14: =F14+H14+O14 -> 8269.0498 | R14: =D14-Q14 -> 56730.95
A15: Samuel | B15: Auxiliar | C15: 402-0000000-7 | D15: 37000 | F15: =+D15*3.04% -> 1124.8 | H15: =+D15*2.87% -> 1061.9 | I15: =+H15+F15 -> 2186.7 | J15: =+D15*7.09% -> 2623.3 | K15: =+D15*7.1% -> 2627 | L15: =+K15+J15 -> 5250.3 | M15: =+D15-I15 -> 34813.3 | N15: =+M15*12 -> 417759.6 | O15: =IF(N15>N$22,(N15-N$22)*M$22+O$22,IF(N15>N$21,(N15-N$21)*M$21+O$21,IF(N15>N$20,(N15-N$20)*M$20,0)))/12 -> 19.244875 | P15: =D15*P$6 -> 370 | Q15: =F15+H15+O15 -> 2205.9449 | R15: =D15-Q15 -> 34794.055
A16: Jorge | B16: Encargado de compras | C16: 402-0000000-8 | D16: 43000 | F16: =+D16*3.04% -> 1307.2 | H16: =+D16*2.87% -> 1234.1 | I16: =+H16+F16 -> 2541.3 | J16: =+D16*7.09% -> 3048.7 | K16: =+D16*7.1% -> 3053 | L16: =+K16+J16 -> 6101.7 | M16: =+D16-I16 -> 40458.7 | N16: =+M16*12 -> 485504.4 | O16: =IF(N16>N$22,(N16-N$22)*M$22+O$22,IF(N16>N$21,(N16-N$21)*M$21+O$21,IF(N16>N$20,(N16-N$20)*M$20,0)))/12 -> 866.05487 | P16: =D16*P$6 -> 430 | Q16: =F16+H16+O16 -> 3407.3549 | R16: =D16-Q16 -> 39592.645
B17: Totales | D17: =SUM(D8:D16) -> 525000 | F17: =SUM(F8:F16) -> 16112 | H17: =SUM(H8:H16) -> 15211 | I17: =SUM(I8:I16) -> 31323 | J17: =SUM(J8:J16) -> 37222.5 | K17: =SUM(K8:K16) -> 37275 | L17: =SUM(L8:L16) -> 74497.5 | M17: =SUM(M8:M16) -> 498677 | N17: =SUM(N8:N16) -> 5984124 | O17: =SUM(O8:O16) -> 34907.186 | ... S17: =SUM(S8:S16) -> 95702.938
F19: =105000*3.04% -> 3192 | L19: Escala | M19: porcentaje | N19: monto | O19: monto en mes
L20: Escala minima | M20: 0.15 | N20: 416220.01 | O20: =N20/12 -> 34685.001 | S20: 70000
L21: Escala intermedia | M21: 0.2 | N21: 624329.01 | O21: 31216 | S21: 21656
L22: Escala maxima | M22: 0.25 | N22: 867123.01 | O22: 79776 | S22: =S20-S21 -> 48344
S23: =S22*0.27 -> 13052.88
S24: =S22-S23 -> 35291.12

Sheet ISR
A2: Escala | B2: porcentaje | C2: Monto | D2: VALOR A SUMAR
A3: Escala minima | B3: 0.15 | C3: 416220.01 | D3: 0
A4: Escala media | B4: 0.2 | C4: 624329.01 | D4: 31216 | E4: =C4-C3 -> 208109 | F4: =E4*B3 -> 31216.35
A5: Escala maxima | B5: 0.25 | C5: 867123.01 | D5: 79776 | E5: =C5-C4 -> 242794 | F5: =E5*B4 -> 48558.8
F6: =SUM(F4:F5) -> 79775.15
B8: 0.0304 | C8: 0.0287 | D8: 1 | E8: 2 | F8: 3 | G8: 4 | H8: 5 | I8: 6
A9: Salario bruto | B9: SFS | C9: AFP | D9: Salario bruto mensual | E9: salario neto anual | F9: salario neto anual - monto (EXCEDENTE) | G9: multiplicacion de porcentaje | H9: porcentaje + VALOR A SUMAR | I9: dividir entre 12
A10: =+Hoja1!D8 -> 100000 | B10: =+A10*3.04% -> 3040 | C10: =+A10*2.87% -> 2870 | D10: =A10-B10-C10 -> 94090 | E10: =+D10*12 -> 1129080 | F10: =+E10-C5 -> 261956.99 | G10: =+F10*25% -> 65489.247 | H10: =+G10+D5 -> 145265.25 | I10: =+H10/12 -> 12105.437 | J10: =+D10-I10 -> 81984.563
A11: =+Hoja1!D9 -> 75000 | B11: =+A11*3.04% -> 2280 | C11: =+A11*2.87% -> 2152.5 | D11: =A11-B11-C11 -> 70567.5 | E11: =+D11*12 -> 846810 | I11: =+H11/12 -> 0
A12: =+Hoja1!D10 -> 60000 | B12: =+A12*3.04% -> 1824 | C12: =+A12*2.87% -> 1722 | D12: =A12-B12-C12 -> 56454 | E12: =+D12*12 -> 677448 | I12: =+H12/12 -> 0
A13: 85000 | B13: =+A13*3.04% -> 2584 | C13: =+A13*2.87% -> 2439.5 | D13: =A13-B13-C13 -> 79976.5 | E13: =+D13*12 -> 959718 | I13: =+H13/12 -> 0
A14: 115000 | B14: =+A14*3.04% -> 3496 | C14: =+A14*2.87% -> 3300.5 | D14: =A14-B14-C14 -> 108203.5 | E14: =+D14*12 -> 1298442 | I14: =+H14/12 -> 0
A15: 150000 | B15: =+A15*3.04% -> 4560 | C15: =+A15*2.87% -> 4305 | D15: =A15-B15-C15 -> 141135 | E15: =+D15*12 -> 1693620 | I15: =+H15/12 -> 0
A16: 43000 | B16: =+A16*3.04% -> 1307.2 | C16: =+A16*2.87% -> 1234.1 | D16: =A16-B16-C16 -> 40458.7 | E16: =+D16*12 -> 485504.4 | I16: =+G16/12 -> 0
A17: =+Hoja1!D15 -> 37000 | B17: =+A17*3.04% -> 1124.8 | C17: =+A17*2.87% -> 1061.9 | D17: =A17-B17-C17 -> 34813.3 | E17: =+D17*12 -> 417759.6 | I17: =+G17/12 -> 0
A18: =+Hoja1!D16 -> 43000 | B18: =+A18*3.04% -> 1307.2 | C18: =+A18*2.87% -> 1234.1 | D18: =A18-B18-C18 -> 40458.7 | E18: =+D18*12 -> 485504.4
B22: 13580.91
B23: =+A10+B22 -> 113580.91

Sheet Hoja3

Sheet NOMINA
B2: CEDULA | D2: FECHA DE INGRESO | E2: NOMBRE | F2: PUESTO | G2: SUELDO BRUTO | H2: COMSION | I2: VACACIONES | J2: SUELDO TSS | K2: DESC TRABAJADOR | M2: BONIFICACION | N2: HORAS EXTRAS | O2: SALARIO COTIZABLE DGII | P2: SALARIO COTIZABLE ANUAL | Q2: ISR COBRADO | R2: INGRESOS EXENTOS | V2: APORTE EMPRESA | X2: COSTO DEL TRABAJDOR
K3: 2.87 | L3: 3.04 | R3: SUELDO NETO | S3: PRE-AVISO Y CESANTIA | T3: REGALIA PASCUAL | U3: TOTAL A PAGAR | V3: 7.1 | W3: 7.09
K4: TOTAL AFP | L4: TOTAL SFS | V4: TOTAL AFP | W4: TOTAL SFS
B5: 1 | C5: 031-0109456-4 | D5: 41640 | E5: ALAN ALBERTO | F5: empleado 1 | G5: 90000 | J5: =G5+H5+I5 -> 90000 | K5: =J5*K$3% -> 2583 | L5: =J5*L$3% -> 2736 | O5: =J5-K5-L5+M5+N5 -> 84681 | P5: =O5*12 -> 1016172 | Q5: =IF(P5>L$16,((P5-L$16)*K$16+M$16)/12,IF(P5>L$15,((P5-L$15)*K$15+M$15)/12,IF(P5>L$14,((P5-L$14)*K$14+0)/12,0))) -> 9753.1873 | R5: =O5-Q5 -> 74927.813 | U5: =R5+S5+T5 -> 74927.813 | V5: =G5*V$3% -> 6390 | W5: =G5*W$3% -> 6381 | X5: =G5+V5+W5 -> 102771
B6: =+B5+1 -> 2 | C6: 031-0109456-5 | D6: 43466 | E6: RAMON RIJO | F6: empleado 2 | G6: 90000 | J6: =G6+H6+I6 -> 90000 | K6: =J6*K$3% -> 2583 | L6: =J6*L$3% -> 2736 | O6: =J6-K6-L6+M6+N6 -> 84681 | P6: =O6*12 -> 1016172 | Q6: =IF(P6>L$16,((P6-L$16)*K$16+M$16)/12,IF(P6>L$15,((P6-L$15)*K$15+M$15)/12,IF(P6>L$14,((P6-L$14)*K$14+0)/12,0))) -> 9753.1873 | R6: =O6-Q6 -> 74927.813 | U6: =R6+S6+T6 -> 74927.813 | V6: =G6*V$3% -> 6390 | W6: =G6*W$3% -> 6381 | X6: =G6+V6+W6 -> 102771
B7: =+B6+1 -> 3 | C7: 031-0145456-8 | D7: 41640 | E7: ALBERTO QUEZADA | F7: empleado 3 | G7: 45000 | J7: =G7+H7+I7 -> 45000 | K7: =J7*K$3% -> 1291.5 | L7: =J7*L$3% -> 1368 | O7: =J7-K7-L7+M7+N7 -> 42340.5 | P7: =O7*12 -> 508086 | Q7: =IF(P7>L$16,((P7-L$16)*K$16+M$16)/12,IF(P7>L$15,((P7-L$15)*K$15+M$15)/12,IF(P7>L$14,((P7-L$14)*K$14+0)/12,0))) -> 1148.3249 | R7: =O7-Q7 -> 41192.175 | U7: =R7+S7+T7 -> 41192.175 | V7: =G7*V$3% -> 3195 | W7: =G7*W$3% -> 3190.5 | X7: =G7+V7+W7 -> 51385.5
B8: =+B7+1 -> 4 | C8: 031-0145456-9 | D8: 43101 | E8: RAMON PEREZ | F8: empleado 4 | G8: 65000 | J8: =G8+H8+I8 -> 65000 | K8: =J8*K$3% -> 1865.5 | L8: =J8*L$3% -> 1976 | O8: =J8-K8-L8+M8+N8 -> 61158.5 | P8: =O8*12 -> 733902 | Q8: =IF(P8>L$16,((P8-L$16)*K$16+M$16)/12,IF(P8>L$15,((P8-L$15)*K$15+M$15)/12,IF(P8>L$14,((P8-L$14)*K$14+0)/12,0))) -> 4427.5498 | R8: =O8-Q8 -> 56730.95 | U8: =R8+S8+T8 -> 56730.95 | V8: =G8*V$3% -> 4615 | W8: =G8*W$3% -> 4608.5 | X8: =G8+V8+W8 -> 74223.5
B9: =+B8+1 -> 5 | C9: 025-0145456-5 | D9: 42736 | G9: 40000 | J9: =G9+H9+I9 -> 40000 | K9: =J9*K$3% -> 1148 | L9: =J9*L$3% -> 1216 | O9: =J9-K9-L9+M9+N9 -> 37636 | P9: =O9*12 -> 451632 | Q9: =IF(P9>L$16,((P9-L$16)*K$16+M$16)/12,IF(P9>L$15,((P9-L$15)*K$15+M$15)/12,IF(P9>L$14,((P9-L$14)*K$14+0)/12,0))) -> 442.64987 | R9: =O9-Q9 -> 37193.35 | U9: =R9+S9+T9 -> 37193.35 | V9: =G9*V$3% -> 2840 | W9: =G9*W$3% -> 2836 | X9: =G9+V9+W9 -> 45676
B10: =+B9+1 -> 6 | C10: 025-0145456-7 | D10: 42736 | Q10: =IF(P10>L$16,((P10-L$16)*K$16+M$16)/12,IF(P10>L$15,((P10-L$15)*K$15+M$15)/12,IF(P10>L$14,((P10-L$14)*K$14+0)/12,0))) -> 0
J11: SUELDO BRUTO + COMISIONES + VACACIONES | O11: SUELDO TSS-DESCUENTOS + BONIFICACION + HORAS EXTRAS | Q11: SALE DE LA ESCALA | R11: SALARIO COTIZABLE - ISR COBRADO | U11: =SUM(U5:U10) -> 284972.1 | X11: sueldo bruto MAS APORTE DE LA EMPRESA
J13: Escala | K13: porcentaje | L13: monto
A14: TOPE SALARIAL | J14: Escala minima | K14: 0.15 | L14: 416220.01 | U14: APORTE A INFOTEP
A15: AFP | B15: 312000 | C15: =B15*K3% -> 8954.4 | J15: Escala intermedia | K15: 0.2 | L15: 624329.01 | M15: 31216 | U15: =U11*0.01 -> 2849.721
A16: SFS | B16: 156000 | C16: =B16*L3% -> 4742.4 | J16: Escala maxima | K16: 0.25 | L16: 867123.01 | M16: 79776
N19: ESCALA 1 | O19: =((P5-L14)*K14)/12
N20: ESCALA 2 | O20: =((P5-L15)*K15+M15)/12
N21: ESCALA 3 | O21: =((P5-L16)*K16+M16)/12

Sheet Bonificacion
D2: UTILIDAD DE LA EMPRESA | E2: 2500000 | G2: ANOS | H2: DIAS
D3: TOTAL A REPARTIR | E3: =E2*0.1 -> 250000 | G3: <3 | H3: 45 | V3: Fecha actual
D4: BONIFICACION DE LEY | E4: 400335.71 | G4: 3 O > | H4: 60 | V4: 43831
D5: CONVERTIDOR | E5: =E3/E4 -> 0.62447589 | V5: 43831
V6: 43831
V7: 43831
V8: 43831
C10: NOMBRE | D10: Salario | E10: Salario diario | F10: ANOS | G10: Dias de bonificacion | H10: Bonificacion de ley | I10: BONIFICACION A PAGAR
C11: Ramon | D11: 25000 | E11: =D11/23.83 -> 1049.0978 | F11: 2 | G11: 45 | H11: =G11*E11 -> 47209.4 | I11: =H11*E5 -> 29481.132
C12: perez | D12: 24000 | E12: =D12/23.83 -> 1007.1339 | F12: 1 | G12: 45 | H12: =G12*E12 -> 45321.024 | I12: =H12*E$5 -> 28301.887
C13: lucas | D13: 55000 | E13: =D13/23.83 -> 2308.0151 | F13: 5 | G13: 60 | H13: =G13*E13 -> 138480.91 | I13: =H13*E$5 -> 86477.988
C14: martinez | D14: 41000 | E14: =D14/23.83 -> 1720.5204 | F14: 7 | G14: 60 | H14: =G14*E14 -> 103231.22 | I14: =H14*E$5 -> 64465.409
C15: omar | D15: 35000 | E15: =D15/23.83 -> 1468.7369 | F15: 1 | G15: 45 | H15: =G15*E15 -> 66093.16 | I15: =H15*E$5 -> 41273.585
H16: =SUM(H11:H15) -> 400335.71 | I16: =SUM(I11:I15) -> 250000

Sheet Horas extras
B3: Si es mensual | C3: 23.83
B4: Si es quincenal | C4: 11.91
B5: Si es semanal | C5: 5.5
B7: SUELDO | F7: CONDICIONES
B8: Sueldo | C8: 26500 | F8: >44 y =68 | G8: 0.35 | H8: DIURNA
B9: suledo diario | C9: =C8/23.83 -> 1112.0436 | D9: /23.83 | F9: >44 y <69 | G9: 0.15 | H9: nocturna
B10: sueldo por hora | C10: =C9/8 -> 139.00546 | F10: >68 Y NO LABORABLE | G10: 1
C11: =+C10*35% -> 48.651909
C12: =+C11+C10 -> 187.65736 | F12: =75-44 -> 31
B15: CONDICIONES | D15: HORAS | E15: VALOR DE LAS HORAS | F15: VALOR A PAGAR
B16: 0.35 | C16: HORAS DIURNAS | D16: 8 | E16: =C10*1.35 -> 187.65736 | F16: =D16*E16 -> 1501.2589
B17: 0.15 | C17: HORAS NOCTURNAS | E17: =C10*1.15 -> 159.85627 | F17: =(E16+E17)*D17 -> 0
B18: 1 | C18: HORAS al 100% | D18: 25 | E18: =+C12 -> 187.65736 | F18: =E18*D18 -> 4691.4341
C19: TOTAL A PAGAR | F19: =SUM(F16:F18) -> 6192.693 | G19: =+C8+F19 -> 32692.693
C22: Maria | D22: 25 | E22: =44+D22 -> 69

Sheet Regalia pascual
D2: Enero | E2: febrero | F2: Marzo | G2: Abril | H2: Mayo | I2: Junio | J2: Julio | K2: Agosto | L2: Septiembre | M2: Octubre | N2: Noviembre | O2: Diciembre | P2: Total a pagar
B3: Ramon | C3: administrador | D3: 70000 | E3: 70000 | F3: 70000 | G3: 70000 | H3: 70000 | I3: 70000 | J3: 70000 | K3: 70000 | L3: 70000 | M3: 70000 | N3: 70000 | O3: 70000 | P3: =SUM(D3:O3)/12 -> 70000
B4: perez | C4: supervisor | D4: 39000 | E4: 39000 | F4: 39000 | G4: 39000 | H4: 39000 | I4: 39000 | J4: 39000 | K4: 39000 | L4: 39000 | M4: 39000 | N4: 39000 | O4: 41000 | P4: =SUM(D4:O4)/12 -> 39166.667
B5: lucas | C5: contador | D5: 50290 | E5: 50290 | F5: 50290 | G5: 50290 | H5: 50290 | I5: 50290 | J5: 50290 | K5: 50290 | L5: 50290 | M5: 50290 | N5: 50290 | O5: 50290 | P5: =SUM(D5:O5)/12 -> 50290
B6: martinez | C6: empacador | D6: 44000 | E6: 44000 | F6: 44000 | G6: 44000 | H6: 44000 | I6: 44000 | J6: 44000 | K6: 44000 | L6: 44000 | M6: 44000 | N6: 44000 | O6: 44000 | P6: =SUM(D6:O6)/12 -> 44000
B7: omar | C7: encargado de RRHH | D7: 35110 | E7: 35110 | F7: 35110 | G7: 35110 | H7: 35110 | I7: 35110 | J7: 35110 | K7: 35110 | L7: 35110 | M7: 35110 | N7: 35110 | O7: 35110 | P7: =SUM(D7:O7)/12 -> 35110
B8: leonel | C8: Auditor | D8: 35300 | E8: 35300 | F8: 35300 | G8: 35300 | H8: 35300 | I8: 35300 | J8: 35300 | K8: 35300 | L8: 35300 | M8: 35300 | N8: 35300 | O8: 35300 | P8: =SUM(D8:O8)/12 -> 35300
B9: danilo | C9: gerente | D9: 42350 | E9: 42350 | F9: 42350 | G9: 42350 | H9: 42350 | I9: 42350 | J9: 42350 | K9: 42350 | L9: 42350 | M9: 42350 | N9: 42350 | O9: 42350 | P9: =SUM(D9:O9)/12 -> 42350
B10: miguel | C10: con fiscal | D10: 0 | E10: 0 | F10: 0 | G10: 0 | H10: 0 | I10: 45000 | J10: 45000 | K10: 45000 | L10: 45000 | M10: 49400 | N10: 49400 | O10: 49400 | P10: =SUM(D10:O10)/12 -> 27350
B11: faride | C11: encargada de compras | D11: 0 | E11: 0 | F11: 0 | G11: 0 | H11: 0 | I11: 49000 | J11: 49000 | K11: 49000 | L11: 49000 | M11: 55600 | N11: 55600 | O11: 55600 | P11: =SUM(D11:O11)/12 -> 30233.333

Sheet Vacaciones
